 Dungeon Crawl Stone Soup version 0.27.0-1-g7a089689b8 (webtiles) character file.

Game seed: 105605460287184578

204 ZombieSheep the Nimble (level 5, -1/43 HPs)
             Began as a Gnoll Wanderer on Aug 6, 2021.
             Slain by an iron imp (2 damage)
             ... summoned by Natasha
             ... on level 3 of the Dungeon.
             The game lasted 00:06:05 (3133 turns).

ZombieSheep the Nimble (Gnoll Wanderer)             Turns: 3133, Time: 00:06:06

Health: -1/43      AC:  6    Str:  8 (11) XL:     5   Next: 82%
Magic:  7/7        EV: 12    Int:  9 (12) God:
Gold:   165        SH:  0    Dex: 11 (12) Spells: 7/7 levels left

rFire    . . .     SeeInvis .   a - +2 short sword (speed)
rCold    . . .     Faith    .   (no shield)
rNeg     . . .     Spirit   .   g - +1 ring mail
rPois    .         Reflect  .   (no helmet)
rElec    .         Harm     .   (no cloak)
rCorr    .         Rampage  .   (no gloves)
Will     .....                  (no boots)
Stlth    ++........             h - amulet of the acrobat
HPRegen  0.14/turn              (no ring)
MPRegen  0.10/turn              (no ring)

@: flying, slowed, very slow
A: fangs 1, strong nose, distributed training
a: no special abilities


You were on level 3 of the Dungeon.
You visited 1 branch of the dungeon, and saw 3 of its levels.

You collected 165 gold pieces.

Inventory:

Hand Weapons
 a - a +2 short sword of speed (weapon)
 b - a +0 quarterstaff
Armour
 g - a +1 ring mail (worn)
Jewellery
 h - an amulet of the acrobat (around neck)
Scrolls
 c - 2 scrolls of teleportation
 o - a scroll of enchant weapon
Potions
 d - a potion of flight
 l - a potion of heal wounds {unknown}
 n - a potion of attraction {unknown}


   Skills:
 + Level 4.8 Fighting
 + Level 3.1 Short Blades
 + Level 1.6 Long Blades
 + Level 1.6 Axes
 + Level 1.6 Maces & Flails
 + Level 1.6 Polearms
 + Level 1.6 Staves
 + Level 1.6 Slings
 + Level 1.6 Bows
 + Level 1.6 Crossbows
 + Level 1.6 Throwing
 + Level 1.6 Armour
 + Level 8.7 Dodging
 + Level 4.5 Stealth
 + Level 3.1 Shields
 + Level 1.6 Unarmed Combat
 + Level 1.6 Spellcasting
 + Level 1.3 Conjurations
 + Level 1.3 Hexes
 + Level 1.3 Summonings
 + Level 1.3 Necromancy
 + Level 1.3 Translocations
 + Level 1.3 Transmutations
 + Level 1.3 Fire Magic
 + Level 1.3 Ice Magic
 + Level 1.3 Air Magic
 + Level 1.3 Earth Magic
 + Level 1.3 Poison Magic
 + Level 1.9 Invocations
 + Level 1.6 Evocations


You had 7 spell levels left.
You didn't know any spells.
Your spell library contained the following spells:

 Spells                   Type           Power      Damage    Failure   Level
 Slow                     Hex            3%         N/A       65%         2
 Confusing Touch          Hex            3%         N/A       87%         3
 Vampiric Draining        Necr           1%         2d6       87%         3


Dungeon Overview and Level Annotations

Branches:
Dungeon (3/15)

Altars:
Trog
Wu Jian

Annotations:
D:3 Natasha


Innate Abilities, Weirdness & Mutations

You have very sharp teeth.
Your uncanny sense of smell can sniff out nearby items.
Your experience applies equally to all skills.


Message History

Press: ? - help, Q - select action Shift-Dir - straight line, f - Natasha
Aim: Natasha (moderately wounded, ally target, 51% to hit)
You throw a javelin. The javelin completely misses Natasha.
Your bat hits Natasha but does no damage.
The iron imp hits you!
Natasha casts a spell.
The crimson imp hits you.
Your bat misses the crimson imp. The iron imp barely misses you.
Throw: javelin
Press: ? - help, Q - select action Shift-Dir - straight line, f/p - Natasha
Aim: Natasha (moderately wounded, ally target, 51% to hit)
You throw a javelin. The javelin pierces through Natasha.
Natasha is severely wounded.
Your bat hits the crimson imp but does no damage.
Natasha claws you.
* * * LOW HITPOINT WARNING * * *
The crimson imp blinks!
Natasha stares at you and mumbles some strange words.
The magic dart hits you.
* * * LOW HITPOINT WARNING * * *
The iron imp hits you but does no damage.
It was a potion of flight.
You feel very buoyant.
You fly up into the air.
Your bat hits Natasha. The white imp gestures at you.
The puff of frost hits your bat!
Your bat dies!
Your bat's corpse dissolves into shadows!
Natasha casts a spell at you.
You feel yourself slow down.
It was a potion of degeneration.
There was something very wrong with that liquid.
You feel weakened.
You feel dopey.
You feel clumsy.
You feel your willpower return. The iron imp closely misses you.
Natasha casts a spell at you. The magic dart hits you!
* * * LOW HITPOINT WARNING * * *
The iron imp hits you.
You die...

#####################
##.....#.....##......#
##.............#......#
#..............)......#
#...................###
#...............#.....##
####.....>....#########....
#.........5h.##.......####.
#.........@5##..≈...≈.§###.
#..........##..≈.≈.≈.≈..##.
#.....5...##..≈...≈...§..##
####.....##..≈.≈§§.§.≈.§..#
#....##..≈§..§§⌠.§...§..
#..(.#..≈.§.≈.§§≈§≈.§.≈.
#....#K≈.§§§§..§§.§§.§§§
#....'K.§§§.§.≈.§.§.≈§§§
#....'..§≈.⌠.§.⌠.≈§⌠.§.§


You could see an iron imp (summoned), Natasha, a crimson imp (summoned) and a
white imp (summoned).

Vanquished Creatures
  Natasha (twice) (D:3)
  3 gnolls (D:3)
  5 adders
  A worm (D:2)
  A dart slug (D:1)
  7 orcs
  7 endoplasms
  4 giant cockroaches
  5 goblins
  2 hobgoblins
  8 jackals
  7 ball pythons
  3 bats
  2 frilled lizards
  10 kobolds
  6 rats
73 creatures vanquished.

Vanquished Creatures (others)
  A plant (D:1)
1 creature vanquished.

Grand Total: 74 creatures vanquished

Notes
Turn   | Place    | Note
-------+----------+-------------------------------------------
     0 | D:1      | ZombieSheep the Gnoll Wanderer began the quest for the Orb.
     0 | D:1      | ZombieSheep set off with the following items: a +2 short
                  | sword, a +0 quarterstaff, a scroll of teleportation, a +0
                  | robe, a +0 dagger
     0 | D:1      | Reached XP level 1. HP: 20/20 MP: 1/1
   284 | D:1      | Reached XP level 2. HP: 26/26 MP: 2/2
   828 | D:1      | Reached XP level 3. HP: 27/31 MP: 3/3
  1015 | D:2      | Found a faded altar of an unknown god.
  1123 | D:2      | Reached skill level 1 in Invocations
  1474 | D:2      | Found an ornate altar of the Wu Jian Council.
  1518 | D:2      | Reached skill level 1 in Long Blades
  1518 | D:2      | Reached skill level 1 in Axes
  1518 | D:2      | Reached skill level 1 in Maces & Flails
  1518 | D:2      | Reached skill level 1 in Polearms
  1518 | D:2      | Reached skill level 1 in Staves
  1518 | D:2      | Reached skill level 1 in Slings
  1518 | D:2      | Reached skill level 1 in Bows
  1518 | D:2      | Reached skill level 1 in Crossbows
  1518 | D:2      | Reached skill level 1 in Throwing
  1518 | D:2      | Reached skill level 1 in Armour
  1518 | D:2      | Reached skill level 1 in Unarmed Combat
  1518 | D:2      | Reached skill level 1 in Spellcasting
  1518 | D:2      | Reached skill level 1 in Evocations
  1743 | D:2      | Reached XP level 4. HP: 38/38 MP: 5/5
  2307 | D:3      | Found a bloodstained altar of Trog.
  2381 | D:3      | Reached skill level 1 in Conjurations
  2381 | D:3      | Reached skill level 1 in Hexes
  2381 | D:3      | Reached skill level 1 in Summonings
  2381 | D:3      | Reached skill level 1 in Necromancy
  2381 | D:3      | Reached skill level 1 in Translocations
  2381 | D:3      | Reached skill level 1 in Transmutations
  2381 | D:3      | Reached skill level 1 in Fire Magic
  2381 | D:3      | Reached skill level 1 in Ice Magic
  2381 | D:3      | Reached skill level 1 in Air Magic
  2381 | D:3      | Reached skill level 1 in Earth Magic
  2381 | D:3      | Reached skill level 1 in Poison Magic
  2535 | D:3      | Noticed Natasha
  2544 | D:3      | Killed Natasha
  2545 | D:3      | Reached XP level 5. HP: 39/43 MP: 5/7
  2925 | D:3      | Noticed Natasha
  2939 | D:3      | Killed Natasha
  3116 | D:3      | Noticed Natasha
  3133 | D:3      | HP: 1/43 [Natasha/magic dart (8)]
  3133 | D:3      | Slain by an iron imp

Illustrated notes

Levels and vault maps discovered:
D:1:      roderic_crop_circles_arrival_small, layout_rooms
D:2:      layout_rooms, basic_altar, chequers_ecumenical_altar_simple
D:3:      layout_rooms, general_overflow_altar, kennysheep_cluttered_room,
          uniq_natasha

Skill      XL: |  1  2  3  4  5 |
---------------+----------------+-----
Invocations    | 1 |  1.9
Long Blades    | 1 |  1.6
Axes           | 1 |  1.6
Maces & Flails | 1 |  1.6
Polearms       | 1 |  1.6
Staves         | 1 |  1.6
Slings         | 1 |  1.6
Bows           | 1 |  1.6
Crossbows      | 1 |  1.6
Throwing       | 1 |  1.6
Armour         | 1 |  1.6
Unarmed Combat | 1 |  1.6
Spellcasting   | 1 |  1.6
Evocations     | 1 |  1.6
Conjurations   | 1 |  1.3
Hexes          | 1 |  1.3
Summonings     | 1 |  1.3
Necromancy     | 1 |  1.3
Translocations | 1 |  1.3
Transmutations | 1 |  1.3
Fire Magic     | 1 |  1.3
Ice Magic      | 1 |  1.3
Air Magic      | 1 |  1.3
Earth Magic    | 1 |  1.3
Poison Magic   | 1 |  1.3
Short Blades   | 3 |  3.1
Shields        | 3 |  3.1
Fighting       | |  4.8
Dodging        | |  8.7
Stealth        | |  4.5

Action                   |  1- 3 |  4- 6 || total
-------------------------+-------+-------++-------
Melee: Short sword       |   124 |   110 ||   234
       Bite              |     9 |     7 ||    16
       Punch             |       |     1 ||     1
Throw: Javelin           |     3 |    15 ||    18
  Use: Scroll            |     2 |     4 ||     6
       Potion            |       |     3 ||     3
 Stab: Sleeping          |     4 |     1 ||     5
Armor: Robe              |    10 |       ||    10
       Ring mail         |     3 |    21 ||    24
Dodge: Dodged            |    70 |    60 ||   130
